 Dungeon Crawl Stone Soup version 0.20.1-1-g8b1a95d (console) character file.

48 hilaritas the Chiller (level 3, 0/19 HPs)
             Began as a Deep Elf Ice Elementalist on Aug 27, 2017.
             Slain by a hobgoblin
             ... wielding a cursed -3 club
              (5 damage)
             ... on level 2 of the Dungeon.
             The game lasted 00:03:12 (1363 turns).

hilaritas the Chiller (Deep Elf Ice Elementalist)   Turns: 1363, Time: 00:03:12

Health: 0/19       AC:  2    Str:  6    XL:     3   Next: 50%
Magic:  0/9        EV: 13    Int: 19    God:
Gold:   40         SH:  0    Dex: 15    Spells: 2/8 levels left

rFire    . . .     SeeInvis .   (no weapon)
rCold    . . .     Gourm    .   (no shield)
rNeg     . . .     Faith    .   a - +0 robe
rPois    .         Spirit   .   (no helmet)
rElec    .         Reflect  .   (no cloak)
rCorr    .         Harm     .   (no gloves)
MR       .....                  (no boots)
Stlth    ++........             (no amulet)
Regen    0.1/turn               (no ring)
MPRegen  0.2/turn               (no ring)

@: no status effects
A: no striking features
a: no special abilities


You were on level 2 of the Dungeon.
You were not hungry.

You visited 1 branch of the dungeon, and saw 2 of its levels.

You collected 40 gold pieces.

Inventory:

Missiles
 d - 57 arrows
Armour
 a - a +0 robe (worn)
Jewellery
 k - an uncursed ring of fire {unknown}
Scrolls
 g - a scroll of remove curse {unknown}
 h - 3 scrolls of identify {unknown}
 o - a scroll of teleportation {unknown}
Potions
 e - 3 potions of might {unknown}
 i - a potion of flight {unknown}
 l - a potion of lignification {unknown}
 m - a potion of curing {unknown}
 p - a potion of haste {unknown}
Books
 b - a book of Frost

   Spells                             Type                      Level
   a - Freeze                         Ice                          1
   b - Throw Frost                    Conjuration/Ice              2
   c - Ozocubu's Armour               Charms/Ice                   3
   d - Throw Icicle                   Conjuration/Ice              4
   e - Summon Ice Beast               Ice/Summoning                4
Comestibles
 c - a bread ration
 f - 3 chunks of flesh
 j - a royal jelly
 n - a meat ration


   Skills:
 - Level 2.4 Dodging
 - Level 2.4 Stealth
 - Level 3.0 Spellcasting
 * Level 1.9 Conjurations
 + Level 4.7 Ice Magic


You had 2 spell levels left.
You knew the following spells:

 Your Spells              Type           Power        Failure   Level  Hunger
a - Freeze                Ice            ###.         2%          1    None
b - Throw Frost           Conj/Ice       ###...       6%          2    ##.....
c - Ozocubu's Armour      Chrm/Ice       ##......     17%         3    ###....


Dungeon Overview and Level Annotations

Branches:
Dungeon (2/15)

Altars:


Message History

You kill the frilled lizard!
The kobold hits you.
A hobgoblin comes into view. It is wielding a club.
You closely miss the kobold.
The kobold is heavily wounded.
The kobold barely misses you. The hobgoblin closely misses you.
You hit the kobold.
The kobold is severely wounded.
The kobold hits you.
* * * LOW HITPOINT WARNING * * *
Okay, then.
Casting: Freeze
Confirm with . or Enter, or press ? or * to list all spells.
Aiming: Freeze
Press: ? - help, Shift-Dir - straight line, f/p - kobold
Aim: a kobold (severely wounded)
You freeze the kobold.
You kill the kobold!
The hobgoblin hits you with a club.
You die...

#...# #..<# #...#
#...# #......#
#...##...##
####......####...
##..##..>....##.##
#@..%#.....#.##.#
#..g%#..#.....#.##.#
##..##.##.#........#
#..####..#..#........#
#..........#.....#.#
######.##......>.#.###
#.......###.....#
###.#.### #.....#
##.## #.....#


You could see a hobgoblin.

Vanquished Creatures
  3 worms (D:2)
  3 dart slugs
  A giant cockroach (D:1)
  2 goblins (D:1)
  A hobgoblin (D:1)
  7 jackals
  3 kobolds
  6 bats
  A frilled lizard (D:2)
  5 rats
32 creatures vanquished.

Notes
Turn   | Place    | Note
-------+----------+-------------------------------------------
     0 | D:1      | hilaritas the Deep Elf Ice Elementalist began the quest for the Orb.
     0 | D:1      | Reached XP level 1. HP: 10/10 MP: 6/6
   229 | D:1      | Reached skill level 4 in Ice Magic
   229 | D:1      | Reached XP level 2. HP: 15/15 MP: 2/8
   394 | D:1      | Learned a level 2 spell: Throw Frost
   883 | D:2      | Reached XP level 3. HP: 15/19 MP: 0/9
   888 | D:2      | Learned a level 3 spell: Ozocubu's Armour
  1363 | D:2      | Slain by a hobgoblin

Skill      XL: |  1 |
---------------+----+-----
Ice Magic      | 4 |  4.7
Dodging        | |  2.4
Stealth        | |  2.4
Spellcasting   | |  3.0
Conjurations   | |  1.9

Action                   || total
-------------------------++-------
Melee: Unarmed           ||     4
 Cast: Freeze            ||    57
  Eat: Chunk             ||     1
Armor: Robe              ||    12
Dodge: Dodged            ||    36
